 Dungeon Crawl Stone Soup version 0.25-a0-294-gea9b1ad378 (webtiles) character file.

Game seed: 1952168348958136244, levelgen mode: classic

1969 Borgoz the Covered (level 9, -3/76 HPs)
             Began as a Gargoyle Berserker on Dec 19, 2019.
             Was an Elder of Trog.
             Slain by an eight-headed hydra (8 damage)
             ... on level 7 of the Dungeon.
             The game lasted 00:07:52 (5344 turns).

Borgoz the Covered (Gargoyle Berserker)             Turns: 5344, Time: 00:07:53

Health: -3/76      AC: 15    Str: 26    XL:     9   Next: 20%
Magic:  9/9        EV: 17    Int:  8    God:    Trog [****..]
Gold:   511        SH:  0    Dex: 12    Spells: 8/8 levels left

rFire    . . .     SeeInvis .   g - +2 whip (venom)
rCold    . . .     Gourm    .   (no shield)
rNeg     + . .     Faith    +   u - +0 ring mail
rPois    ∞         Spirit   .   (no helmet)
rElec    +         Reflect  .   d - +1 cloak
rCorr    .         Harm     .   (no gloves)
MR       +++..                  (no boots)
Stlth    ..........             w - amulet of faith
HPRegen  1.22/turn              a - +3 ring of evasion
MPRegen  0.11/turn              q - ring of protection from magic

@: berserking, regenerating, very quick
A: negative energy resistance 1, electricity resistance, unbreathing,
petrification resistance, rot immunity, AC +6
a: Berserk, Trog's Hand, Brothers in Arms, Renounce Religion


You were on level 7 of the Dungeon.
You worshipped Trog.
Trog was greatly pleased with you.
You were near starving.

You visited 1 branch of the dungeon, and saw 7 of its levels.
You also visited: Ossuary.

You collected 511 gold pieces.

Inventory:

Hand Weapons
 g - a +2 whip of venom (weapon)
Armour
 d - a +1 cloak (worn)
 u - a +0 ring mail (worn)
Jewellery
 a - a +3 ring of evasion (left hand)
 q - a ring of protection from magic (right hand)
 t - an uncursed ring of ice
 v - an uncursed amulet of regeneration
 w - an amulet of faith (around neck)
Wands
 b - a wand of polymorph (7)
 l - a wand of iceblast (8)
Scrolls
 e - 2 scrolls of immolation {unknown}
 h - a scroll of fear {unknown}
 j - 2 scrolls of amnesia {unknown}
 n - 4 scrolls of teleportation
 o - 2 scrolls of enchant armour
 p - 3 scrolls of remove curse
 y - a scroll of random uselessness {unknown}
 B - a scroll of brand weapon {unknown}
 C - a scroll of vulnerability {unknown}
 E - a scroll of torment {unknown}
 F - a scroll of enchant weapon {unknown}
Potions
 f - 2 potions of curing {unknown}
 i - 3 potions of agility
 k - 2 potions of haste
 m - a potion of mutation
 r - a potion of ambrosia {unknown}
 s - 4 potions of heal wounds {unknown}
 x - a potion of magic {unknown}
 z - a potion of cancellation {unknown}
 A - 2 potions of lignification {unknown}
 D - a potion of berserk rage {unknown}
Comestibles
 c - 8 rations


   Skills:
 - Level 3.2 Fighting
 + Level 7.4 Maces & Flails
 + Level 7.7 Armour
 + Level 5.8 Dodging


You had 8 spell levels left.
You didn't know any spells.
Your spell library was empty.

Dungeon Overview and Level Annotations

Branches:
Dungeon (7/15)             Temple (0/1) D:5         Ossuary (visited)

Altars:
Cheibriados
Fedhas
Makhleb
Okawaru
Qazlal
Ru
Uskayaw
Yredelemnul


Innate Abilities, Weirdness & Mutations

You are resistant to torment.
Your stone body is resilient. (AC +6)
You are immune to poison.
You resist negative energy. (rN+)
You are resistant to electric shocks. (rElec)
You can survive without breathing.
You are immune to petrification.
You are immune to rotting.


Message History

You whack the eight-headed hydra!
The eight-headed hydra is lightly wounded.
You whack the eight-headed hydra!
The eight-headed hydra is moderately wounded.
The eight-headed hydra bites you but does no damage.
The eight-headed hydra misses you.
The eight-headed hydra bites you but does no damage. x2
The eight-headed hydra bites you!
* * * LOW HITPOINT WARNING * * *
The eight-headed hydra bites you.
* * * LOW HITPOINT WARNING * * *
The eight-headed hydra bites you but does no damage. x2
You barely miss the eight-headed hydra.
The eight-headed hydra is moderately wounded.
Unknown command.
You thrash the eight-headed hydra!!
The eight-headed hydra looks as sick as possible!
The eight-headed hydra is heavily wounded.
The eight-headed hydra bites you!
You die...

###.###)...$.#..
>............%...
###....%#########
#####.# #.# ##.##
#.÷.# ##D## #@##
#.# .## #. #÷ #÷
##


You could see an eight-headed hydra.

Vanquished Creatures
  Pikel (D:5)
  Sigmund (D:5)
  Eustachio (D:5)
  2 slaves (D:5)
  A phantom (D:5)
  2 ogres (D:5)
  A wyvern zombie (D:6)
  A bullfrog (D:6)
  2 water moccasin zombies (Ossuary)
  A scorpion (D:5)
  A howler monkey (D:4)
  A crimson imp (D:6)
  2 jellies (D:3)
  3 bullfrog zombies
  A centaur skeleton (D:6)
  An iguana (D:5)
  6 worker ants
  A big kobold zombie (Ossuary)
  3 mummies
  11 adders
  2 shadow imps
  10 oozes
  7 adder zombies (Ossuary)
  An adder skeleton (D:4)
  2 worms
  3 dart slugs
  A leopard gecko (D:2)
  7 orcs
  9 bats
  3 giant cockroaches
  5 goblins
  3 hobgoblins
  13 jackals
  A quokka (D:3)
  2 ball pythons
  8 frilled lizards
  2 gnoll zombies (Ossuary)
  11 kobolds
  9 kobold zombies (Ossuary)
  A leopard gecko skeleton (D:5)
  2 orc zombies (Ossuary)
  A quokka skeleton (D:4)
  2 rats
  A butterfly (D:5)
  2 fungi (D:1)
151 creatures vanquished.

Vanquished Creatures (others)
  A slave (D:5)
  A centaur (D:5)
  An adder zombie (D:5)
  A quokka zombie (D:5)
  2 fungi (D:3)
  12 toadstools
18 creatures vanquished.

Grand Total: 169 creatures vanquished

Notes
Turn   | Place    | Note
-------+----------+-------------------------------------------
     0 | D:1      | Borgoz the Gargoyle Berserker began the quest for the Orb.
     0 | D:1      | Reached XP level 1. HP: 14/14 MP: 1/1
   112 | D:1      | Found a snail-covered altar of Cheibriados.
   137 | D:1      | Reached XP level 2. HP: 17/19 MP: 2/2
   453 | D:1      | Reached XP level 3. HP: 9/23 MP: 3/3
   922 | D:2      | Reached ** piety under Trog
  1040 | D:2      | Reached XP level 4. HP: 21/28 MP: 4/4
  1141 | D:2      | Found a blossoming altar of Fedhas.
  1954 | D:3      | Reached XP level 5. HP: 32/32 MP: 5/5
  2180 | D:3      | Found a burning altar of Makhleb.
  2302 | D:3      | Reached *** piety under Trog
  2307 | D:3      | Reached XP level 6. HP: 11/37 MP: 6/6
  2649 | D:4      | Found a hide-covered altar of Uskayaw.
  3268 | D:4      | Found a sacrificial altar of Ru.
  3365 | D:5      | Entered Level 5 of the Dungeon
  3427 | D:5      | Reached skill level 5 in Maces & Flails
  3432 | D:5      | Found an iron altar of Okawaru.
  3439 | D:5      | Noticed a slave
  3439 | D:5      | Noticed Pikel
  3440 | D:5      | Noticed a slave
  3440 | D:5      | Noticed Eustachio
  3448 | D:5      | Noticed a slave
  3450 | D:5      | Noticed a slave
  3460 | D:5      | Killed a slave
  3471 | D:5      | Reached XP level 7. HP: 30/41 MP: 7/7
  3472 | D:5      | Reached skill level 5 in Armour
  3527 | D:5      | Killed Pikel
  3527 | D:5      | Reached XP level 8. HP: 46/46 MP: 8/8
  3529 | D:5      | Killed Eustachio
  3702 | D:5      | Found a staircase to the Ecumenical Temple.
  3718 | D:5      | Noticed Sigmund
  3733 | D:5      | Killed Sigmund
  3733 | D:5      | Reached skill level 5 in Dodging
  4224 | D:5      | Found a stormy altar of Qazlal.
  4345 | D:6      | Found a basalt altar of Yredelemnul.
  4435 | D:6      | Found a sand-covered staircase.
  4449 | Ossuary  | Entered an ossuary
  4594 | Ossuary  | Reached **** piety under Trog
  4594 | Ossuary  | Reached XP level 9. HP: 51/51 MP: 9/9
  5324 | D:7      | Noticed an eight-headed hydra
  5342 | D:7      | HP: 3/76 [eight-headed hydra (2)]
  5344 | D:7      | Slain by an eight-headed hydra

Levels and vault maps discovered:
D:1:      onia_arrival_mini_maze, layout_rooms, minmay_misc_feat_iff,
          minmay_gold_behind_fungi, cheibriados_altar_1
D:2:      layout_loops_ring, fedhas_altar_3
D:3:      cheibrodos_fertilizer, layout_basic, nicolae_overflow_hidden_temple
D:4:      layout_cave_pools, overflow_temple_1_default, lemuel_doored_altar,
          first_ration, saegor_snake_ambush
D:5:      layout_loops_ring, nicolae_qazlal_eye_of_the_storm,
          minmay_temple_entry_butterflies, basic_altar,
          chequers_serial_rivers_micro_b, kennysheep_small_circle, uniq_pikel,
          uniq_eustachio, uniq_sigmund
D:6:      layout_cave_pods, yredelemnul_altar_generic, gup_ossuary_entry_pyramid
D:7:      layout_basic, grunt_ogre_cave, chequers_serial_rivers_room_a

Skill      XL: |  1  2  3  4  5  6  7  8 |
---------------+-------------------------+-----
Dodging        | 2 3 4 5 |  5.8
Armour         | 3 4 6 7 |  7.7
Maces & Flails | 4 5 6 7 |  7.4
Fighting       | |  3.2

Action                   |  1- 3 |  4- 6 |  7- 9 || total
-------------------------+-------+-------+-------++-------
Melee: Mace              |    38 |       |       ||    38
       Whip              |    64 |   232 |   316 ||   612
Invok: Trog's Hand       |       |     2 |     2 ||     4
       Berserk           |       |     1 |     2 ||     3
  Use: Scroll            |       |     4 |     4 ||     8
 Stab: Sleeping          |     1 |       |       ||     1
  Eat: Chunk             |     1 |     8 |     1 ||    10
       Ration            |       |       |     2 ||     2
Armor: Animal skin       |    20 |    47 |    16 ||    83
       Ring mail         |       |       |    79 ||    79
Dodge: Dodged            |    71 |   175 |   226 ||   472

Table legend:
 A = Non-vault XP
 B = Vault XP
 C = Vault XP percentage of total XP
 D = Non-vault monster count
 E = Vault monster count
 F = Vault count percentage of total count
                 A         B        C        D         E       F
            +---------+---------+-------+---------+---------+-------
      Total |    1238 |    1575 |  56.0 |      94 |      52 |  35.6
            +---------+---------+-------+---------+---------+-------
        D:1 |      39 |       0 |   0.0 |      21 |       0 |   0.0
        D:2 |      70 |       0 |   0.0 |      16 |       0 |   0.0
        D:3 |     119 |     159 |  57.2 |      20 |      17 |  45.9
        D:4 |     175 |      42 |  19.4 |      11 |       4 |  26.7
        D:5 |     432 |    1082 |  71.5 |       9 |       5 |  35.7
        D:6 |     364 |      18 |   4.7 |      15 |       1 |   6.2
        D:7 |      39 |       0 |   0.0 |       2 |       0 |   0.0
    Ossuary |       0 |     274 | 100.0 |       0 |      25 | 100.0
            +---------+---------+-------+---------+---------+-------
